 Dungeon Crawl Stone Soup version 0.30.1-4-g462c640d31 (webtiles) character file.

Game seed: 1074775587821664974

2345 Zeor the Carver (level 9, -1/65 HPs)
             Began as a Demonspawn Gladiator on Sept 8, 2023.
             Was a Believer of Kikubaaqudgha.
             Slain by a gnoll sergeant
             ... wielding a +1 scimitar of holy wrath
              (9 damage)
             ... on level 8 of the Dungeon.
             The game lasted 00:21:33 (5755 turns).

Zeor the Carver (Demonspawn Gladiator)              Turns: 5755, Time: 00:21:34

Health: -1/65      AC: 10    Str: 12 (15) XL:     9   Next: 20%
Magic:  22/22      EV: 13    Int: 12 (14) God:    Kikubaaqudgha [**....]
Gold:   482        SH:  0    Dex: 12 (14) Spells: 3/13 levels left

rFire   . . .        a - +9 sword of Power {lifebolt}
rCold   . . .        (shield currently unavailable)
rNeg    . . .        D - +1 leather armour
rPois   .            j - +2 helmet
rElec   .            (no cloak)
rCorr   .            (no gloves)
SInv    .            (no boots)
Will    +....        (no amulet)
Stlth   +            l - ring of magical power
HPRegen 0.30/turn    s - ring of willpower
MPRegen 0.18/turn

%: no passive effects
@: about to teleport
A: molten scales 2, powered by pain 2, weakness stinger 2
a: Renounce Religion, Unearth Wretches


You were on level 8 of the Dungeon.
You worshipped Kikubaaqudgha.
Kikubaaqudgha was pleased with you.
You visited 1 branch of the dungeon, and saw 8 of its levels.

You collected 482 gold pieces.

Inventory:

Hand Weapons
 a - the +9 sword of Power (weapon) {lifebolt}
   (You acquired it on level 1 of the Dungeon)
 b - the +11 rapier of Chagrin {heavy, *Noise rF+ rCorr Str+2}
   (You found it on level 6 of the Dungeon)

   Str:       It affects your strength (+2).
   rF:        It protects you from fire.
   *Noise:    It may make noises in combat.
   rCorr:     It protects you from acid and corrosion.
 f - a +1 long sword of venom
 u - a +1 dagger of venom
Missiles
 d - 2 throwing nets (quivered)
 e - a javelin
 p - 20 poisoned darts
 z - 8 boomerangs
Armour
 c - a +2 robe of fire resistance
 j - a +2 helmet (worn)
 D - a +1 leather armour (worn)
Jewellery
 l - a ring of magical power (left hand)
 s - a ring of willpower (right hand)
 y - a ring of see invisible
Wands
 m - a wand of iceblast (11)
 o - a wand of acid (7)
 w - a wand of flame (20)
 G - a wand of mindburst (23)
Scrolls
 n - a scroll of teleportation
 E - a scroll of fog
Potions
 g - 3 potions of flight
 h - 3 potions of heal wounds
 i - a potion of attraction
 r - a potion of might {unknown}
 t - a potion of resistance {unknown}
 v - a potion of lignification {unknown}
 x - a potion of brilliance {unknown}
 A - 3 potions of mutation
 B - a potion of cancellation {unknown}
 C - a potion of berserk rage
 F - a potion of curing
 H - a potion of magic {unknown}


   Skills:
 + Level 3.8 Fighting
 * Level 8.4 Long Blades
 + Level 1.9 Throwing
 + Level 2.3 Armour
 * Level 5.3 Dodging
 + Level 1.6 Stealth
 * Level 2.9 Spellcasting
 * Level 3.9 Necromancy


You had 3 spell levels left.
You knew the following spells:

 Your Spells              Type           Power      Damage    Failure   Level
d - Magic Dart            Conj           4%         1d3       30%         1
k - Kiss of Death         Conj/Necr      24%        2d7       14%         1
n - Necrotise             Necr           44%        1d6       6%          1
r - Searing Ray           Conj           2%         2d4       43%         2
s - Sublimation of Blood  Necr           11%        N/A       10%         2
v - Vampiric Draining     Necr           11%        2d6       19%         3

Your spell library contained the following spells:

 Spells                   Type           Power      Damage    Failure   Level
 Call Canine Familiar     Summ           1%         N/A       67%         3
 Portal Projectile        Hex/Tloc       2%         N/A       67%         3
 Fulminant Prism          Conj/Hex       0%         3d5       97%         4
 Leda's Liquefaction      Hex/Erth       0%         N/A       97%         4


Dungeon Overview and Level Annotations

Branches:
Dungeon (8/15)             Temple (0/1) D:4
   Lair: D:8-11

Altars:
Cheibriados
Kikubaaqudgha
Nemelex Xobeh
Okawaru
Xom
Yredelemnul

Annotations:
D:3 1 runed translucent door, Crazy Yiuf


Innate Abilities, Weirdness & Mutations

You are mostly covered in molten scales. (AC +3)
You sometimes gain power by taking damage.
You have a tail ending in a sharp stinger.


Message History

The gnoll sergeant closely misses you. The gnoll sergeant blocks your attack.
The gnoll hits the plant with a +0 flail.
The plant begins to die.
The gnoll sergeant hits you with a +1 scimitar of holy wrath!
You convulse!
The gnoll misses you.
As you read the scroll of teleportation, it crumbles to dust.
You feel strangely unstable.
The gnoll hits you but does no damage. x2
The gnoll sergeant hits you with a +1 scimitar of holy wrath!
You convulse!
You barely miss the gnoll sergeant.
The hound barks!
You tail-slap the gnoll sergeant.
The gnoll sergeant is lightly wounded.
You hear a shout! x3
The gnoll hits you from afar with a +0 spear.
* * * LOW HITPOINT WARNING * * *
The gnoll hits you with a +0 flail.
* * * LOW HITPOINT WARNING * * *
The gnoll hits you but does no damage.
The gnoll sergeant hits you with a +1 scimitar of holy wrath.
* * * LOW HITPOINT WARNING * * *
You convulse.
* * * LOW HITPOINT WARNING * * *
The gnoll hits the plant with a +0 whip!
You feel much better.
The gnoll hits you from afar with a +0 spear.
* * * LOW HITPOINT WARNING * * *
The gnoll misses you. The gnoll barely misses you.
The gnoll sergeant barely misses you.
The gnoll hits the plant with a +0 whip.
You slash the gnoll sergeant!
The gnoll sergeant is heavily wounded.
The gnoll completely misses you. The gnoll barely misses you.
The gnoll hits you but does no damage.
The gnoll sergeant hits you with a +1 scimitar of holy wrath!
* * * LOW HITPOINT WARNING * * *
You convulse!
You die...
Kikubaaqudgha rasps: "You have failed me!
Welcome... death!" ▒∙ ∙∙∙ogg ▒c ∙Kg∙o ▒∙$ ▒▒▒▒▒ ▒▒■■■ ▒▒▒ ▒▒▒♣♣♣∙∙P♣♣♣♣∙∙∙∙ ♣∙∙♣♣♣∙♣P♣P∙∙PP♣PP∙∙∙∙ ♣∙♣∙∙∙P♣P∙P∙P∙∙P♣P♣P∙∙∙∙ ∙∙∙∙∙gPgP∙∙∙∙∙∙P∙P∙∙∙∙∙∙ ∙∙∙∙ggg6∙∙∙∙∙∙∙∙∙∙∙∙∙∙∙∙

∙∙▒▒▒▒∙g∙∙▒▒∙▒∙∙∙∙∙∙∙∙∙∙
▒▒▒▒▒▒▒▒▒∙∙∙∙∙∙▒∙∙∙
▒∙∙∙∙∙∙▒∙∙∙ ▒∙∙∙∙∙∙▒∙∙∙
▒∙∙∙∙∙∙▒▒▒▒ ▒∙∙∙∙∙∙∙∙∙∙
▒▒▒■▒▒▒∙∙∙∙ ▒∙∙∙∙∙■∙∙∙†


You could see a gnoll sergeant, a centaur and 5 gnolls.

Vanquished Creatures
  Grinder (D:5)
  2 orc warriors
  A sky beast (D:7)
  An ogre (D:4)
  3 phantoms
  3 scorpions
  5 wights (D:6)
  4 killer bees (D:8)
  A howler monkey (D:4)
  3 hounds
  A jelly (D:6)
  7 orc priests
  2 sleepcaps (D:6)
  Jessica (D:3)
  5 iguanas
  5 orc wizards
  4 adders
  2 white imps
  2 worms (D:2)
  3 dart slugs
  38 orcs
  7 endoplasms
  6 giant cockroaches
  11 hobgoblins
  3 quokkas
  5 ball pythons
  7 bats
  3 frilled lizards
  4 goblins
  8 kobolds
  5 rats
153 creatures vanquished.

Vanquished Creatures (collateral kills)
  A bullfrog (D:7)
1 creature vanquished.

Vanquished Creatures (others)
  A human (D:3)
1 creature vanquished.

Grand Total: 155 creatures vanquished

Notes
Turn   | Place    | Note
-------+----------+-------------------------------------------
     0 | D:1      | Zeor the Demonspawn Gladiator began the quest for the Orb.
     0 | D:1      | Reached XP level 1. HP: 16/16 MP: 1/1
   118 | D:1      | Reached skill level 3 in Long Blades
   118 | D:1      | Gained mutation: You have a small tail. [demonic ancestry]
   118 | D:1      | Reached XP level 2. HP: 19/22 MP: 2/2
   137 | D:1      | Identified a scroll of acquirement
   137 | D:1      | Acquired the +9 sword of Power {lifebolt}
   137 | D:1      | Found the +9 sword of Power {lifebolt}
   387 | D:1      | You fall into a shaft and drop 1 floor!
   387 | D:2      | Found a shimmering altar of Xom.
   610 | D:2      | Gained mutation: You are partially covered in molten
                  | scales. (AC +2) [demonic ancestry]
   610 | D:2      | Reached XP level 3. HP: 27/27 MP: 3/3
  1531 | D:3      | Gained mutation: You have a tail ending in a sharp stinger.
                  | [demonic ancestry]
  1531 | D:3      | Reached XP level 4. HP: 25/34 MP: 4/4
  1571 | D:3      | Found an ancient bone altar of Kikubaaqudgha.
  1582 | D:3      | Noticed a human
  1583 | D:3      | Killed a human
  1636 | D:3      | Learned a level 1 spell: Magic Dart
  1639 | D:3      | Learned a level 2 spell: Searing Ray
  1670 | D:3      | Found a runed translucent door.
  1671 | D:3      | Noticed Crazy Yiuf
  2030 | D:3      | Reached skill level 4 in Long Blades
  2055 | D:3      | Noticed Jessica
  2058 | D:3      | Killed Jessica
  2059 | D:3      | Reached XP level 5. HP: 40/40 MP: 5/5
  2142 | D:3      | Became a worshipper of Kikubaaqudgha
  2265 | D:3      | Found a sparkling altar of Nemelex Xobeh.
  2536 | D:4      | Found an iron altar of Okawaru.
  2596 | D:4      | Found a basalt altar of Yredelemnul.
  2629 | D:4      | Noticed an ogre
  2638 | D:4      | Killed an ogre
  2639 | D:4      | Gained mutation: You sometimes gain a little power by
                  | taking damage. [demonic ancestry]
  2639 | D:4      | Reached XP level 6. HP: 46/46 MP: 6/6
  2715 | D:4      | Reached skill level 5 in Long Blades
  2720 | D:4      | Reached skill level 1 in Armour
  2805 | D:4      | Reached skill level 1 in Necromancy
  3070 | D:4      | Found a staircase to the Ecumenical Temple.
  3110 | D:5      | Entered Level 5 of the Dungeon
  3417 | D:5      | Gained mutation: You sometimes gain power by taking damage.
                  | [demonic ancestry]
  3417 | D:5      | Reached XP level 7. HP: 30/52 MP: 8/8
  3532 | D:5      | Reached skill level 6 in Long Blades
  3532 | D:5      | Reached skill level 1 in Spellcasting
  3726 | D:5      | Noticed Grinder
  3731 | D:5      | Paralysed by Grinder for 4 turns
  3735 | D:5      | Killed Grinder
  3832 | D:6      | Found a snail-covered altar of Cheibriados.
  3854 | D:6      | Gained mutation: You are mostly covered in molten scales.
                  | (AC +3) [demonic ancestry]
  3854 | D:6      | Reached XP level 8. HP: 47/58 MP: 10/10
  3875 | D:6      | Identified the +11 rapier of Chagrin {heavy, *Noise rF+
                  | rCorr Str+2}
  3926 | D:6      | Reached * piety under Kikubaaqudgha
  3926 | D:6      | Received a gift from Kikubaaqudgha
  3933 | D:6      | Reached skill level 1 in Stealth
  3939 | D:6      | Reached skill level 7 in Long Blades
  4084 | D:6      | Learned a level 1 spell: Necrotise
  4086 | D:6      | Learned a level 1 spell: Kiss of Death
  4090 | D:6      | Learned a level 3 spell: Vampiric Draining
  4274 | D:6      | Learned a level 2 spell: Sublimation of Blood
  4433 | D:6      | Reached skill level 8 in Long Blades
  4586 | D:6      | Identified the +1 whip of Forgiveness {drain, rN+}
  4841 | D:7      | Reached ** piety under Kikubaaqudgha
  4842 | D:7      | Reached XP level 9. HP: 37/65 MP: 12/12
  4859 | D:7      | Reached skill level 5 in Dodging
  5755 | D:8      | Slain by a gnoll sergeant

Illustrated notes

Levels and vault maps discovered:
D:1:      mrwooster_arrival_statue_2, layout_rooms
D:2:      layout_basic, basic_altar
D:3:      layout_loops_ring, tgw_kikubaaqudgha, nemelex_diamond_rough_becter,
          kennysheep_generic_room_8, uniq_crazy_yiuf_cottage, uniq_jessica
D:4:      layout_rooms, okawaru_trees_1, elyvilon_altar_3, lemuel_tele_altar,
          tso_metal_star, minmay_temple_entry_trees
D:5:      layout_basic, uniq_grinder
D:6:      layout_cave_pools, cheibriados_altar_1
D:7:      layout_rooms
D:8:      kennysheep_housing_project, layout_gridville,
          mainiacjoe_overflow_tiny_flanked

Skill      XL: |  1  2  3  4  5  6  7  8  9 |
---------------+----------------------------+-----
Long Blades    | 3 4 5 6 8 |  8.4
Dodging        | 3 4 5 |  5.3
Fighting       | 3 |  3.8
Armour         | 1 2 |  2.3
Necromancy     | 1 2 3 |  3.9
Spellcasting   | 1 2 |  2.9
Stealth        | 1 |  1.6
Throwing       | |  1.9

Action                     |  1- 3 |  4- 6 |  7- 9 || total
---------------------------+-------+-------+-------++-------
  Melee: Long sword        |    15 |       |       ||    15
         Great sword       |    71 |    96 |   131 ||   298
         Tailslap          |     6 |    11 |    10 ||    27
  Throw: Throwing net      |       |     1 |       ||     1
   Cast: Necrotise         |       |       |     8 ||     8
         Vampiric Draining |       |       |     1 ||     1
         Magic Dart        |       |       |     2 ||     2
    Use: Scroll            |     8 |     5 |     7 ||    20
         Potion            |       |       |     9 ||     9
   Stab: Sleeping          |     1 |     2 |     1 ||     4
         Distracted        |       |     1 |       ||     1
 Armour: Leather armour    |    25 |    33 |    93 ||   151
  Dodge: Dodged            |    57 |    53 |   161 ||   271
